 Dungeon Crawl Stone Soup version 0.28.0-47-ge53b351184 (webtiles) character file.

Game seed: 660740988112606677

20387 101zpm the Eclecticist (level 13, -10/70 HPs)
             Began as a Djinni Fire Elementalist on May 2, 2022.
             Was an Elder of Hepliaklqana.
             Mangled by an ogre mage
             ... wielding a +0 halberd
              (13 damage)
             ... on level 2 of the Orcish Mines.
             The game lasted 01:01:33 (18697 turns).

101zpm the Eclecticist (Djinni Fire Elementalist)  Turns: 18697, Time: 01:01:34

Health: -10/70     AC:  6    Str: 13    XL:     13   Next: 11%
Gold:   966        EV: 13    Int: 21    God:    Hepliaklqana [****..] SH:  0 Dex: 15

rFire   + + .      SeeInvis .   q - +3 quarterstaff (chaos)
rCold   x . .      Faith    .   (shield currently unavailable)
rNeg    . . .      Spirit   .   D - +1 troll leather armour {Snorg}
rPois   ∞          Reflect  .   (no helmet)
rElec   .          Harm     .   r - +0 cloak
rCorr   .          Rampage  .   (no gloves)
Will    +....                   (boots unavailable)
Stlth   +++.......              (no amulet)
HPRegen 1.01/turn               w - +6 ring of strength
MPRegen 0.00/turn               (no ring)

@: flying
A: reduced essence, sickness immunity, fire resistance 2, cold vulnerability 1,
float, innate caster, HP casting, extra vitality 1
a: Renounce Religion, Recall Ancestor, Ancestor Identity, Transference, Idealise


You were on level 2 of the Orcish Mines.
You worshipped Hepliaklqana.
Hepliaklqana was greatly pleased with you.
You visited 3 branches of the dungeon, and saw 14 of its levels.

You collected 1309 gold pieces.
You spent 343 gold pieces at shops.

Inventory:

Hand Weapons
 q - a +3 quarterstaff of chaos (weapon)
Missiles
 u - 2 throwing nets
Armour
 r - a +0 cloak (worn)
 D - a +1 troll leather armour (worn) {Snorg}
Jewellery
 w - a +6 ring of strength (left hand)
 E - a +6 ring of strength
Wands
 t - a wand of polymorph (11)
 v - a wand of acid (7)
 z - a wand of iceblast (2)
 B - a wand of flame (11)
Scrolls
 b - 3 scrolls of brand weapon
 d - 6 scrolls of fear
 e - 3 scrolls of fog
 f - 7 scrolls of teleportation
 g - 5 scrolls of blinking
 h - 2 scrolls of identify
 n - 2 scrolls of silence
 p - 5 scrolls of enchant weapon
 s - 6 scrolls of noise
 x - a scroll of amnesia
 y - 4 scrolls of enchant armour
 A - a scroll of torment {unknown}
Potions
 a - a potion of magic {unknown}
 c - 2 potions of haste {unknown}
 i - 2 potions of heal wounds {unknown}
 j - a potion of mutation {unknown}
 k - 3 potions of curing {unknown}
 l - 3 potions of might {unknown}
 m - 3 potions of degeneration {unknown}
 o - a potion of flight {unknown}
 C - a potion of cancellation {unknown}


   Skills:
 + Level 2.0 Fighting
 + Level 3.9 Staves
 + Level 1.9 Armour
 + Level 3.9 Dodging
 + Level 4.6 Stealth
 + Level 15.0 Spellcasting


You had 11 spell levels left.
You knew the following spells:

 Your Spells              Type           Power      Damage    Failure   Level
a - Foxfire               Conj/Fire      100%       2x1d9     0%          1
b - Scorch                Fire           100%       2d10      0%          2
c - Conjure Flame         Conj/Fire      68%        6-21      1%          3
d - Inner Flame           Hex/Fire       68%        N/A       1%          3
e - Flame Wave            Conj/Fire      68%        2d13      1%          4
f - Summon Small Mammal   Summ           100%       N/A       0%          1
g - Call Imp              Summ           68%        N/A       0%          2
h - Gell's Gravitas       Tloc           68%        N/A       1%          3
i - Call Canine Familiar  Summ           68%        N/A       1%          3
j - Petrify               Tmut/Erth      68%        N/A       1%          4
k - Fireball              Conj/Fire      34%        3d14      1%          5
Your spell library was empty.

Dungeon Overview and Level Annotations

Branches:
Dungeon (11/15)            Temple (1/1) D:6            Lair (0/6) D:9
    Orc (2/2) D:11
    Elf: Orc:2

Altars:
Ashenzari
Cheibriados
Dithmenos
Elyvilon
Fedhas
Gozag
Hepliaklqana
Kikubaaqudgha
Makhleb
Nemelex Xobeh
Okawaru
Qazlal
Ru
Sif Muna
Trog
Uskayaw
Vehumet
Wu Jian
Xom
Yredelemnul
Zin
The Shining One

Shops:
D:11 (   Orc:1 (

Annotations:
D:9 3 runed translucent doors, H0rd4k's ghost, novice DEWz


Innate Abilities, Weirdness & Mutations

Your life essence is reduced to manifest your ancestor. (-10% HP)
You are immune to sickness and miasma.
You are immune to poison.
Your flesh is very heat resistant. (rF++)
You are vulnerable to cold. (rC-)
You float through the air rather than walking.
You learn spells naturally, not from books.
Your magical power is your life essence.
You have superior vitality. (+4 MHP)


Message History

The foxfire hits the two-headed ogre.
Flame seeps out of the two-headed ogre.
The two-headed ogre is moderately wounded.
Izel hits the troll with a +0 dagger of draining.
Flame seeps out of the troll.
Your rat closely misses the troll.
The troll is engulfed in blazing flames.
Flame seeps out of the troll.
The two-headed ogre is engulfed in blazing flames.
Flame seeps out of the two-headed ogre.
The two-headed ogre misses you. The two-headed ogre closely misses you.
Your crimson imp closely misses the troll.
Casting: Scorch (safe; 0% risk of failure)
Confirm with . or Enter, or press ? or * to list all spells.
Flames lash the troll.
Flame seeps out of the troll.
The troll is almost dead.
The troll's fire resistance burns away.
Your rat bites the troll.
Flame seeps out of the troll.
The troll is engulfed in blazing flames.
The troll explodes!
The fiery explosion engulfs your crimson imp.
Your crimson imp completely resists.
Izel avoids your attack. The fiery explosion engulfs your rat!!!
You kill your rat!
Your rat's corpse disappears in a puff of smoke!
You hear a shout! x3
Your Spellcasting skill increases to level 15!
Casting: Scorch (safe; 0% risk of failure)
Confirm with . or Enter, or press ? or * to list all spells.
Flames lash the ogre mage.
The ogre mage resists.
Flame seeps out of the ogre mage.
The ogre mage is lightly wounded.
The ogre mage's fire resistance burns away.
The two-headed ogre is engulfed in blazing flames.
Flame seeps out of the two-headed ogre.
The two-headed ogre hits you with a +0 giant club!
The two-headed ogre hits you with a +0 giant spiked club!!
* * * LOW HITPOINT WARNING * * *
The ogre mage is engulfed in blazing flames.
Flame seeps out of the ogre mage.
The ogre mage hits you from afar with a +0 halberd!
You die...

.....#.......#.#
.....#..)....### ####
.............## ###..##
#...○§..)#...###.....#
#...§)○.§##.###.......
#....5R○§#...#.......#
#..).O§.§##.###)......
##....O...###..........
#.....@................
.......##............##..
......# ##..........##...
....#. #............###..
... # ##...........##...
.. #................ #
#................
..................
..................


You could see the friendly Izel the hexer, a two-headed ogre (inner flame,
combustible), an ogre mage (inner flame, combustible, ally target) and a
friendly crimson imp (summoned).

Vanquished Creatures
  Snorg (D:11)
  Harold (D:7)
  5 two-headed ogres
  A deep troll (Orc:2)
  An orc knight (Orc:1)
  Pikel (D:7)
  A cyclops (Orc:2)
  An elephant (D:9)
  A kobold demonologist (D:11)
  6 trolls
  A meliai zombie (D:11)
  A wyvern (D:9)
  10 yaks
  Eustachio (D:4)
  A steam dragon (D:9)
  2 basilisks (D:9)
  Grum (D:8)
  2 acid dragons
  2 water moccasins
  2 wargs
  A hornet zombie (D:6)
  9 orc warriors
  3 ice beasts (D:6)
  2 black bears
  3 centaurs
  11 ogres
  2 wolves (D:8)
  2 lemures (D:7)
  3 kobold brigands
  2 bullfrogs
  2 gnoll sergeants
  5 scorpions
  2 water moccasin zombies
  A water moccasin skeleton (D:6)
  4 killer bees (D:9)
  A howler monkey (D:9)
  9 centaur zombies
  A jelly (D:7)
  Crazy Yiuf (D:3)
  5 orc priests
  4 hounds
  2 centaur skeletons
  2 iguanas
  Ijyb (D:4)
  9 orc wizards
  A hound skeleton (D:4)
  A howler monkey zombie (D:4)
  12 gnolls
  5 adders
  2 river rats (D:5)
  A shadow imp (D:5)
  2 white imps
  An ufetubus (D:7)
  A worm (D:3)
  4 dart slugs
  49 orcs
  6 ball pythons
  5 bats
  8 endoplasms
  7 giant cockroaches
  6 goblins
  9 hobgoblins
  13 jackals
  19 kobolds
  3 quokkas (D:1)
  2 frilled lizards (D:2)
  7 rats
293 creatures vanquished.

Vanquished Creatures (collateral kills)
  A two-headed ogre (D:11)
  An ogre mage (Orc:2)
  An orc high priest (Orc:1)
  An orc sorcerer (Orc:1)
  A troll (Orc:2)
  Prince Ribbit (D:8)
  A yak (D:10)
  2 acid dragons (D:10)
  2 ogres (Orc:2)
  2 orc wizards
  A worm (D:2)
  5 orcs
  An endoplasm (D:1)
  A jackal (D:1)
  A kobold (D:3)
  A foxfire (D:1)
23 creatures vanquished.

Vanquished Creatures (others)
  2 hexers
  An orc wizard (D:4)
  1209 foxfires
1212 creatures vanquished.

Grand Total: 1528 creatures vanquished

Notes
Turn   | Place    | Note
-------+----------+-------------------------------------------
     0 | D:1      | 101zpm the Djinni Fire Elementalist began the quest for the
                  | Orb.
     0 | D:1      | Reached XP level 1. HP: 15/15 MP: 0/0
   554 | D:1      | Reached XP level 2. HP: 9/21 MP: 0/0
  1044 | D:1      | Reached skill level 3 in Spellcasting
  1319 | D:1      | Reached XP level 3. HP: 21/25 MP: 0/0
  1319 | D:1      | Learned a level 1 spell: Summon Small Mammal
  1830 | D:4      | Noticed an ogre
  1835 | D:4      | Killed an ogre
  1836 | D:4      | Reached skill level 4 in Spellcasting
  1836 | D:4      | Reached XP level 4. HP: 9/31 MP: 0/0
  1836 | D:4      | Reached XP level 5. HP: 11/36 MP: 0/0
  1836 | D:4      | Learned a level 2 spell: Call Imp
  2125 | D:4      | Reached XP level 6. HP: 19/41 MP: 0/0
  2468 | D:4      | Found a hazy altar of Hepliaklqana.
  2469 | D:4      | Found a basalt altar of Yredelemnul.
  2818 | D:4      | Reached skill level 5 in Spellcasting
  3362 | D:4      | Noticed a black bear
  3367 | D:4      | Killed a black bear
  3368 | D:4      | Reached XP level 7. HP: 39/46 MP: 0/0
  3368 | D:4      | Learned a level 3 spell: Gell's Gravitas
  3771 | D:4      | Noticed Eustachio
  3778 | D:4      | Killed Eustachio
  3779 | D:4      | Reached skill level 6 in Spellcasting
  3985 | D:5      | Entered Level 5 of the Dungeon
  4062 | D:6      | Reached XP level 8. HP: 36/51 MP: 0/0
  4303 | D:6      | Reached skill level 7 in Spellcasting
  4796 | D:6      | Found a staircase to the Ecumenical Temple.
  4984 | Temple   | Entered the Ecumenical Temple
  5174 | D:4      | Became a worshipper of Hepliaklqana the Forgotten
  5315 | D:7      | Reached skill level 8 in Spellcasting
  5315 | D:7      | Reached XP level 9. HP: 49/56 MP: 0/0
  5315 | D:7      | Learned a level 3 spell: Call Canine Familiar
  6487 | D:5      | Reached skill level 9 in Spellcasting
  7519 | D:3      | Reached * piety under Hepliaklqana
  7737 | D:3      | Found a runed translucent door.
  7738 | D:3      | Noticed Crazy Yiuf
  8489 | D:3      | Found a sparkling altar of Nemelex Xobeh.
  8727 | D:3      | You are sucked into a shaft and drop 3 floors!
  8905 | D:3      | Killed Crazy Yiuf
 10093 | D:2      | Reached ** piety under Hepliaklqana
 10867 | D:4      | Noticed Ijyb
 10871 | D:4      | Killed Ijyb
 11071 | D:7      | Noticed Pikel
 11076 | D:7      | Killed Pikel
 11077 | D:7      | Reached skill level 1 in Fighting
 11077 | D:7      | Reached skill level 1 in Staves
 11077 | D:7      | Reached XP level 10. HP: 45/55 MP: 0/0
 11082 | D:7      | Noticed Harold
 11089 | D:7      | Killed Harold
 11090 | D:7      | Reached skill level 10 in Spellcasting
 11916 | D:8      | Noticed Grum
 11920 | D:8      | Killed Grum
 12797 | D:8      | Reached *** piety under Hepliaklqana
 13007 | D:8      | Noticed Prince Ribbit
 13010 | D:8      | Killed Prince Ribbit
 13100 | D:8      | Found a snail-covered altar of Cheibriados.
 13186 | D:8      | Reached XP level 11. HP: 48/61 MP: 0/0
 13186 | D:8      | Learned a level 4 spell: Petrify
 13347 | D:9      | Reached skill level 11 in Spellcasting
 13419 | D:9      | Noticed a two-headed ogre
 13423 | D:9      | Killed a two-headed ogre
 13548 | D:9      | Noticed an elephant
 13554 | D:9      | Killed an elephant
 13783 | D:9      | Found a staircase to the Lair.
 13805 | D:9      | Found a burning altar of Makhleb.
 13991 | D:9      | Found a runed translucent gate.
 13991 | D:9      | Found a runed translucent gate.
 13992 | D:9      | Found a runed translucent gate.
 13994 | D:9      | Noticed H0rd4k's ghost (novice DEWz)
 14421 | D:10     | Entered Level 10 of the Dungeon
 14452 | D:10     | Reached skill level 12 in Spellcasting
 15205 | D:10     | Found a stormy altar of Qazlal.
 15259 | D:10     | Reached **** piety under Hepliaklqana
 15916 | D:11     | Noticed a two-headed ogre
 15919 | D:11     | Killed a two-headed ogre
 16427 | D:11     | Noticed Snorg
 16433 | D:11     | Killed Snorg
 16434 | D:11     | Reached skill level 13 in Spellcasting
 16434 | D:11     | Reached XP level 12. HP: 50/66 MP: 0/0
 16434 | D:11     | Remembered your ancestor Izel as a hexer
 16777 | D:11     | Found a staircase to the Orcish Mines.
 16789 | D:11     | Found Wess's Weapon Boutique.
 17269 | Orc:1    | Entered Level 1 of the Orcish Mines
 17310 | Orc:1    | Found Weit's Antique Weapon Shoppe.
 17380 | Orc:1    | Found Koirphax's Magic Scroll Emporium.
 17390 | Orc:1    | Noticed an orc high priest
 17396 | Orc:1    | Killed an orc high priest
 17510 | Orc:1    | Bought a scroll of blinking for 97 gold pieces
 17510 | Orc:1    | Bought a scroll of fear for 45 gold pieces
 17510 | Orc:1    | Bought a scroll of enchant armour for 97 gold pieces
 17510 | Orc:1    | Bought a scroll of identify for 26 gold pieces
 17510 | Orc:1    | Bought a scroll of identify for 26 gold pieces
 17510 | Orc:1    | Bought a scroll of teleportation for 39 gold pieces
 17510 | Orc:1    | Bought a scroll of noise for 13 gold pieces
 18248 | Orc:2    | Entered Level 2 of the Orcish Mines
 18355 | Orc:2    | Reached skill level 14 in Spellcasting
 18365 | Orc:2    | Noticed an ogre mage
 18368 | Orc:2    | Noticed a two-headed ogre
 18375 | Orc:2    | Killed an ogre mage
 18376 | Orc:2    | Killed a two-headed ogre
 18377 | Orc:2    | Reached skill level 1 in Armour
 18377 | Orc:2    | Noticed a two-headed ogre
 18384 | Orc:2    | Killed a two-headed ogre
 18386 | Orc:2    | Noticed a two-headed ogre
 18388 | Orc:2    | Noticed a two-headed ogre
 18391 | Orc:2    | Killed a two-headed ogre
 18392 | Orc:2    | Killed a two-headed ogre
 18397 | Orc:2    | Noticed a deep troll
 18403 | Orc:2    | Killed a deep troll
 18628 | Orc:2    | Reached XP level 13. HP: 68/70 MP: 0/0
 18628 | Orc:2    | Learned a level 5 spell: Fireball
 18691 | Orc:2    | Noticed an ogre mage
 18697 | Orc:2    | Reached skill level 15 in Spellcasting
 18697 | Orc:2    | HP: 3/70 [two-headed ogre/+0 giant club (28)]
 18697 | Orc:2    | Mangled by an ogre mage

Illustrated notes

Levels and vault maps discovered:
D:1:      kennysheep_arrival_seaside, layout_loops_ring
D:2:      layout_basic
D:3:      layout_loops_corners, nemelex_dance_club_becter,
          uniq_crazy_yiuf_cottage
D:4:      layout_cave_pods, grunt_temple_overflow_open,
          nicolae_ossuary_entry_monument, hangedman_abyss_or_decor_slice,
          uniq_ijyb, uniq_eustachio
D:5:      layout_loops_ring, portal_sewer_entry_e
D:6:      layout_cave_pools, minmay_temple_entry_stoned_glass
D:7:      layout_cave_pools, uniq_pikel, uniq_harold
D:8:      layout_rooms, kennysheep_slug_shrine, uniq_prince_ribbit1, uniq_grum
D:9:      layout_roguey, mainiacjoe_overflow_concentric_impassable,
          david_lair_generic, gammafunk_ghost_necromancy,
          mrwooster_statue_mirror
D:10:     layout_basic, nicolae_qazlal_style_of_elements, fiery_altar_vehumet,
          minmay_misc_feat_plants
D:11:     layout_basic, orc_david_3, kennysheep_generic_room_6, uniq_snorg
Temple:   eino_wide_crystal_templ
Orc:1:    layout_caves, serial_shops, nicolae_diamond_shop, shop, shop,
          shop_scrolls
Orc:2:    st_orc_open, layout_diamond_mine, mines1_david

Skill      XL: |  1  2  3  4  5  6  7  8  9 10 11 12 13 |
---------------+----------------------------------------+-----
Spellcasting   | 3 4 5 6 8 9 10 13 14 15 | 15.0
Stealth        | 2 3 4 |  4.6
Dodging        | 3 |  3.9
Fighting       | 1 2 |  2.0
Staves         | 1 3 |  3.9
Armour         | 1 |  1.9

Action                   |  1- 3 |  4- 6 |  7- 9 | 10-12 | 13-15 || total
-------------------------+-------+-------+-------+-------+-------++-------
Melee: Unarmed           |     3 |       |     7 |       |       ||    10
       Quarterstaff      |       |       |    24 |       |       ||    24
 Cast: Foxfire           |    84 |    65 |   287 |   298 |    20 ||   754
       Scorch            |     3 |     5 |    22 |    47 |     6 ||    83
       Inner Flame       |     2 |    12 |    88 |   127 |    14 ||   243
       Call Imp          |       |     1 |       |    24 |     2 ||    27
       Call Canine Famil |       |       |       |    28 |     4 ||    32
       Petrify           |       |       |       |     1 |       ||     1
       Summon Small Mamm |       |       |       |     7 |     7 ||    14
Invok: Recall Ancestor   |       |       |       |     1 |     1 ||     2
       Ancestor Life: He |       |       |       |     1 |       ||     1
  Use: Scroll            |       |     1 |       |     9 |       ||    10
 Stab: Sleeping          |       |       |     2 |       |       ||     2
Armor: Robe              |     2 |       |    13 |     1 |       ||    16
Dodge: Dodged            |    10 |     3 |    35 |    19 |     3 ||    70
